 Dungeon Crawl Stone Soup version 0.30-a0-358-g0d69a1922f (webtiles) character file.

Game seed: 6536411382458612095

368 funkygono the Firebug (level 6, -4/48 HPs)
             Began as a Draconian Fire Elementalist on Nov 8, 2022.
             Was an Initiate of Vehumet.
             Killed by divine providence
             ... invoked by an orc priest
              (14 damage)
             ... on level 4 of the Dungeon.
             The game lasted 00:05:49 (3319 turns).

funkygono the Firebug (Draconian Fire Elementalist) Turns: 3319, Time: 00:05:50

Health: -4/48      AC:  6    Str: 11    XL:     6   Next: 41%
Magic:  6/11       EV: 12    Int: 17    God:    Vehumet [......]
Gold:   104        SH:  0    Dex: 11    Spells: 2/12 levels left

rFire   . . .      SeeInvis .    e - +0 mace
rCold   . . .      Faith    .    (no shield)
rNeg    . . .      Spirit   .    (body armour unavailable)
rPois   .          Reflect  .    (helmet restricted)
rElec   .          Harm     .    (no cloak)
rCorr   .          Rampage  .    (no gloves)
Will    .....                    (no boots)
Stlth   ++........               (no amulet)
HPRegen 0.28/turn                (no ring)
MPRegen 0.12/turn                (no ring)

@: no status effects
A: AC +6, unfitting armour, cold-blooded
a: Renounce Religion


You were on level 4 of the Dungeon.
You worshipped Vehumet.
Vehumet was noncommittal.
You visited 2 branches of the dungeon, and saw 5 of its levels.

You collected 104 gold pieces.

Inventory:

Hand Weapons
 e - a +0 mace (weapon)
Wands
 l - a wand of digging (5)
Scrolls
 c - a scroll of silence {unknown}
 d - 2 scrolls of identify {unknown}
 h - 2 scrolls of fear {unknown}
 m - a scroll of amnesia {unknown}
Potions
 b - 2 potions of heal wounds {unknown}
 f - a potion of lignification {unknown}
 g - 3 potions of haste {unknown}
 i - a potion of ambrosia {unknown}
 j - a potion of might {unknown}
 k - a potion of attraction {unknown}


   Skills:
 + Level 1.9 Fighting
 + Level 0.5 Maces & Flails
 + Level 2.0 Dodging
 - Level 1.7 Stealth
 + Level 3.9 Spellcasting
 + Level 2.3 Conjurations
 + Level 5.1 Fire Magic


You had 2 spell levels left.
You knew the following spells:

 Your Spells              Type           Power      Damage    Failure   Level
a - Foxfire               Conj/Fire      64%        2x1d7     3%          1
b - Scorch                Fire           40%        2d7       3%          2
c - Kindle Blastsparks    Fire/Tloc/Air  18%        2d11      24%         3
d - Flame Wave            Conj/Fire      16%        2d7       32%         4

Your spell library contained the following spells:

 Spells                   Type           Power      Damage    Failure   Level
 Cigotuvi's Dreadful Rot  Necr/Pois/Air  6%         N/A       24%         2
 Poisonous Vapours        Pois/Air       6%         N/A       24%         2
 Inner Flame              Hex/Fire       12%        N/A       17%         3
 Mephitic Cloud           Conj/Pois/Air  6%         N/A       34%         3
 Frozen Ramparts          Ice            6%         1d1       43%         3
 Ice Form                 Ice/Tmut       3%         N/A       85%         4
 Summon Ice Beast         Ice/Summ       3%         N/A       85%         4


Dungeon Overview and Level Annotations

Branches:
Dungeon (4/15)             Temple (1/1) D:4

Altars:
Cheibriados
Dithmenos
Elyvilon
Fedhas
Hepliaklqana
Makhleb
Nemelex Xobeh
Okawaru
Sif Muna
Trog
Uskayaw
Vehumet
Wu Jian
Xom
Zin
The Shining One


Innate Abilities, Weirdness & Mutations

Your plain brown scales are hard. (AC +6)
You cannot fit into any form of body armour.
You are cold-blooded and may be slowed by cold attacks.


Message History

Confirm with . or Enter, or press ? or * to list all spells.
Flames lash the orc priest.
You kill the orc priest!
Vehumet accepts your kill.
You hear a shout!
Unknown command.
Casting: Scorch (safe; 3% risk of failure)
Confirm with . or Enter, or press ? or * to list all spells.
You conjure some foxfire!
The goblin closely misses you.
Casting: Foxfire (safe; 3% risk of failure)
Confirm with . or Enter, or press ? or * to list all spells.
You miscast Scorch.
You are very lightly contaminated with residual magic.
Nothing appears to happen.
The foxfire hits the goblin.
The goblin is heavily wounded.
The goblin hits you with a +0 dagger.
* * * LOW HITPOINT WARNING * * *
Casting: Scorch (safe; 3% risk of failure)
Confirm with . or Enter, or press ? or * to list all spells.
You conjure some foxfire!
The goblin misses you.
Casting: Foxfire (safe; 3% risk of failure)
Confirm with . or Enter, or press ? or * to list all spells.
You conjure some foxfire!
Your foxfire dissipates!
An orc priest comes into view. It is wielding a +0 whip.
The goblin closely misses you.
Unknown command.
The foxfire hits the goblin.
The goblin is almost dead.
The foxfire hits the goblin.
You kill the goblin!
Vehumet accepts your kill.
The foxfire hits the orc priest.
The orc priest is lightly wounded.
Your magical contamination has completely faded away.
The orc attacks as you move away! The orc hits you with a +0 club.
* * * LOW HITPOINT WARNING * * *
The orc priest mumbles some strange prayers to Beogh against you.
Beogh smites you!
You die...

..<.
...........##
.#####..####
#..# #..#
#>.#
##.##..###
#........#
##.#####.# #
#@# #o# #.#
#.#####
#.o.o.####
#.###....#
#.#.§....#
#..o###..#
#.†. ..#


You could see an orc priest and an orc.

Vanquished Creatures
  A black bear (D:4)
  2 orc priests (D:4)
  A jelly (D:4)
  Natasha (thrice) (D:3)
  3 adders
  A worm (D:2)
  5 dart slugs
  2 orcs
  6 bats
  10 endoplasms
  3 giant cockroaches
  8 goblins
  4 hobgoblins
  3 jackals (D:2)
  7 kobolds
  3 quokkas
  8 ball pythons
  A frilled lizard (D:3)
  8 rats
79 creatures vanquished.

Vanquished Creatures (others)
  204 foxfires
  2 fungi (D:4)
206 creatures vanquished.

Grand Total: 285 creatures vanquished

Notes
Turn   | Place    | Note
-------+----------+-------------------------------------------
     0 | D:1      | funkygono the Draconian Fire Elementalist began the quest
                  | for the Orb.
     0 | D:1      | Reached XP level 1. HP: 14/14 MP: 3/3
   247 | D:1      | Reached XP level 2. HP: 20/20 MP: 1/5
   306 | D:1      | Learned a level 2 spell: Scorch
   812 | D:2      | Reached XP level 3. HP: 26/26 MP: 4/6
   816 | D:2      | Learned a level 3 spell: Kindle Blastsparks
   900 | D:2      | Reached skill level 4 in Fire Magic
   985 | D:2      | Found a faded altar of an unknown god.
  1768 | D:3      | Noticed Natasha
  1852 | D:3      | Killed Natasha
  1853 | D:3      | Reached XP level 4. HP: 23/34 MP: 0/8
  1942 | D:3      | Noticed Natasha
  1949 | D:3      | Killed Natasha
  1994 | D:3      | Noticed Natasha
  1998 | D:3      | Killed Natasha
  1999 | D:3      | Reached skill level 1 in Fighting
  1999 | D:3      | Reached XP level 5. HP: 40/40 MP: 0/9
  2542 | D:3      | Learned a level 4 spell: Flame Wave
  2678 | D:4      | Found a staircase to the Ecumenical Temple.
  2687 | Temple   | Entered the Ecumenical Temple
  2777 | Temple   | Became a worshipper of Vehumet
  2891 | D:4      | Noticed a black bear
  2897 | D:4      | Killed a black bear
  3083 | D:4      | Reached skill level 5 in Fire Magic
  3083 | D:4      | Reached XP level 6. HP: 47/47 MP: 6/11
  3319 | D:4      | Killed from afar by an orc priest

Illustrated notes

Levels and vault maps discovered:
D:1:      matt_arrival_grand_opening, layout_rooms
D:2:      layout_loops_ring, ebering_ecumenical_altar_box
D:3:      layout_loops_ring, uniq_natasha
D:4:      layout_loops_ring, minmay_temple_entry_sparse_star, minmay_vboxes,
          uniq_crazy_yiuf_cottage
Temple:   eino_temple_rhombus

Skill      XL: |  1  2  3  4  5 |
---------------+----------------+-----
Fire Magic     | 4 5 |  5.1
Spellcasting   | 3 |  3.9
Fighting       | 1 |  1.9
Dodging        | 2 |  2.0
Conjurations   | 2 |  2.3
Maces & Flails | |  0.5
Stealth        | |  1.7

Action                   |  1- 3 |  4- 6 || total
-------------------------+-------+-------++-------
Melee: Mace              |    16 |     9 ||    25
       Tailslap          |     2 |     2 ||     4
       Punch             |       |     1 ||     1
 Cast: Foxfire           |    57 |    65 ||   122
       Scorch            |     8 |     9 ||    17
  Use: Potion            |       |     1 ||     1
Armor: Skin              |    21 |     5 ||    26
Dodge: Dodged            |    30 |     8 ||    38

Table legend: (Time is in decaauts)
 A = Elapsed time spent in this place.
 B = Non-inter-level travel time spent in this place.
 C = Inter-level travel time spent in this place.
 D = Time resting spent in this place.
 E = Time spent auto-exploring this place.
 F = Levels seen in this place.
 G = Mean time per level.
                   A        B        C        D        E       F      G
               +--------+--------+--------+--------+--------+-----+--------+
         Total |   3330 |   3242 |     88 |     36 |   2668 |   5 |  666.0 |
       Dungeon |   3148 |   3077 |     71 |     36 |   2521 |   4 |  787.0 |
        Temple |    181 |    165 |     16 |      0 |    147 |   1 |  181.0 |
               +--------+--------+--------+--------+--------+-----+--------+

Top non-repeatable levels by time:
     D:2: 935 daAuts
     D:3: 903 daAuts
     D:1: 718 daAuts
     D:4: 591 daAuts
  Temple: 181 daAuts
